AoeStats
← litomysl

Pilgrims

509708030Analyzed
4v4 RM · 5d ago on Sep 27, 2026· 60m 16s· 8 players
Game mode
Random Map
Map size
Large (8 player)
Population
200
Speed
Normal
Resources
Standard
Victory
Conquest
Starting age
Dark Age
Ending age
Imperial Age
RankedLock teamsTeams togetherTeam positionsShared explorationLock speedFull tech treeHidden civsTurbo modeCheats
Victory
Defeat
🇷🇺 Varangians · Russia
927
+12
🇺🇸 Koreans · United States
857
+14
🇷🇺 Goths · Russia
851
+15
🇳🇱 Danes · Netherlands
777
+18
🇩🇪 Portuguese · Germany
836
-15
🇹🇷 Turks · Türkiye
827
-15
🇩🇪 Khmer · Germany
822
-15
🇪🇸 Bulgarians · Spain
807
-14
VirtualVagabond
5:05 Loom
12:04 Feudal Age
14:04 Wheelbarrow
13:29 Double-Bit Axe
17:42 Horse Collar
21:10 Castle Age
21:06 Arson
21:33 Scale Mail Armor
21:44 Forging
22:19 Bow Saw
23:20 Hand Cart
23:26 Hand Cart
30:15 Imperial Age
30:26 Pikeman
31:23 Chain Mail Armor
31:44 Iron Casting
32:36 Chemistry
33:49 Conscription
32:54 Halberdier
38:02 Two-Man Saw
37:41 Husbandry
38:50 Scale Barding Armor
39:13 Cavalier
44:29 Plate Mail Armor
46:47 Capped Ram
Harvey_Specter
13:40 Feudal Age
22:19 Castle Age
20:28 Double-Bit Axe
20:26 Horse Collar
22:02 Fishing Lines
23:26 Medium Warships
23:47 Gillnets
29:22 Gold Mining
29:23 Stone Mining
29:47 Bow Saw
29:40 Heavy Plow
32:38 Stirrups
36:43 Ballistics
36:48 Forging
38:15 Iron Casting
37:46 Scale Barding Armor
40:18 Imperial Age
38:33 Gold Shaft Mining
39:10 Chain Barding Armor
39:31 Wheelbarrow
42:13 Chemistry
41:19 Siege Engineers
42:18 Blast Furnace
41:54 Plate Barding Armor
41:46 Conscription
42:04 Heavy Warships
43:20 Hand Cart
45:13 Crop Rotation
49:02 Cavalier
49:42 Husbandry
49:53 Bloodlines
52:12 Fletching
52:23 Padded Archer Armor
53:39 Thumb Ring
54:25 Bagains
56:05 Bodkin Arrow
56:26 Leather Archer Armor
myavuz001
13:28 Feudal Age
14:26 Double-Bit Axe
19:55 Castle Age
20:57 Demolition Ship
22:25 Medium Warships
32:39 Imperial Age
34:38 Bombard Tower
40:06 Heavy Warships
39:09 Elite Cannon Galleon
40:34 Artillery
litomysl
4:43 Loom
13:47 Feudal Age
18:41 Castle Age
16:31 Double-Bit Axe
23:10 Wheelbarrow
23:58 Husbandry
24:48 Horse Collar
27:15 Town Watch
30:12 Bow Saw
30:41 Bloodlines
34:35 Light Cavalry
36:10 Hand Cart
38:16 Forging
38:52 Town Patrol
46:24 Iron Casting
45:55 Scale Barding Armor
51:43 Imperial Age
53:02 Double Crossbow
52:58 Heavy Scorpion
DopeyCrown67
9:54 Feudal Age
10:28 Fishing Lines
12:08 Wheelbarrow
17:13 Castle Age
15:42 Forging
16:00 Stone Mining
16:13 Gold Mining
17:05 Fletching
17:18 Scale Mail Armor
18:00 Loom
18:01 Town Watch
18:09 Double-Bit Axe
19:06 Bow Saw
20:32 Hand Cart
22:14 Medium Warships
23:08 Bodkin Arrow
24:43 Chain Mail Armor
25:42 Iron Casting
30:37 Imperial Age
28:30 Scale Barding Armor
28:27 Gillnets
35:03 Bracer
35:37 Town Patrol
52:30 Two-Man Saw
58:15 Elite Skirmisher
KOMMEPCAHT
5:46 Loom
12:12 Feudal Age
19:30 Castle Age
17:36 Padded Archer Armor
20:26 Leather Archer Armor
21:43 Medium Warships
24:46 Double-Bit Axe
24:43 Horse Collar
31:04 Ballistics
30:56 Careening
30:57 Clinker Construction
31:52 Fletching
34:17 Wheelbarrow
37:33 Hand Cart
41:20 Imperial Age
41:46 Elite Longship
42:28 Bodkin Arrow
48:26 Heavy Warships
54:27 Chemistry
53:33 Siege Engineers
53:50 Shipwright
53:35 Siphons
53:51 Dry Dock
54:59 Treadmill Crane
55:40 Carvel Hull
55:31 Masonry
55:12 Heated Shot
56:23 Arson
56:39 Squires
57:58 Murder Holes
primeyy1997
13:34 Feudal Age
14:07 Double-Bit Axe
15:19 Man-at-Arms
18:00 Wheelbarrow
17:55 Horse Collar
21:10 Gold Mining
22:48 Stone Mining
26:01 Castle Age
24:52 Arson
25:13 Scale Mail Armor
25:24 Forging
26:05 Pikeman
28:21 Bow Saw
28:13 Heavy Plow
33:01 Chain Mail Armor
35:07 Hand Cart
35:10 Squires
39:27 Iron Casting
42:43 Imperial Age
44:08 Gold Shaft Mining
43:46 Elite Jomsviking
49:15 Conscription
48:23 Hamask
49:56 Plate Mail Armor
50:27 Blast Furnace
61:18 Hoardings
Adment_Vk
4:51 Loom
12:36 Feudal Age
13:09 Double-Bit Axe
17:55 Castle Age
21:30 Bow Saw
22:32 Horse Collar
23:29 Heavy Plow
26:42 Wheelbarrow
27:02 Pikeman
34:02 Imperial Age
32:35 Squires
34:18 Hand Cart
36:07 Chemistry
35:27 Ballistics
37:22 Two-Man Saw
37:01 Conscription
36:27 Elite Skirmisher
37:15 Halberdier
44:24 Perfusion
44:28 Anarchy
45:23 Caravan
48:17 Forging
48:07 Scale Mail Armor
56:26 Iron Casting
56:06 Chain Mail Armor
Connection lost

Rejoining the realm…

Still unreachable

The connection could not be restored.

Session expired

The server has moved on; the page needs a fresh start.